 Dungeon Crawl Stone Soup version 0.20.1-1-g8b1a95d (console) character file.

149 hilaritas the Cudgeler (level 5, -3/32 HPs)
             Began as a Gargoyle Fighter on Nov 10, 2017.
             Killed from afar by an orc wizard (5 damage)
             ... with a puff of flame
             ... on level 3 of the Dungeon.
             The game lasted 00:04:33 (2161 turns).

hilaritas the Cudgeler (Gargoyle Fighter)           Turns: 2161, Time: 00:04:33

Health: -3/32      AC: 15    Str: 25    XL:     5   Next: 31%
Magic:  5/5        EV:  4    Int:  9    God:
Gold:   61         SH: 10    Dex:  9    Spells: 4/4 levels left

rFire    . . .     SeeInvis .   a - +0 flail
rCold    . . .     Gourm    .   c - +0 shield
rNeg     + . .     Faith    .   j - +0 plate armour
rPois    ∞         Spirit   .   (no helmet)
rElec    +         Reflect  .   (no cloak)
rCorr    .         Harm     .   (no gloves)
MR       .....                  (no boots)
Stlth    ..........             (no amulet)
Regen    0.1/turn               (no ring)
MPRegen  0.1/turn               (no ring)

@: mighty
A: negative energy resistance 1, electricity resistance, unbreathing,
petrification resistance, rot immunity, AC +4
a: no special abilities


You were on level 3 of the Dungeon.
You were hungry.

You visited 1 branch of the dungeon, and saw 3 of its levels.

You collected 61 gold pieces.

Inventory:

Hand Weapons
 a - a +0 flail (weapon)
Armour
 c - a +0 shield (worn)
 j - a +0 plate armour (worn)
Jewellery
 k - an uncursed amulet of the gourmand {unknown}
 q - an uncursed amulet of rage {unknown}
 v - an uncursed ring of flight {unknown}
Scrolls
 g - a scroll of noise {unknown}
 h - a scroll of blinking {unknown}
 n - 2 scrolls of amnesia {unknown}
 p - 2 scrolls of identify {unknown}
 r - a scroll of enchant armour {unknown}
 t - a scroll of immolation {unknown}
Potions
 d - a potion of might
 e - a potion of haste {unknown}
 m - 2 potions of mutation {unknown}
 o - 2 potions of heal wounds {unknown}
Books
 s - a book of Maledictions

   Spells                             Type                      Level
   a - Corona                         Hexes                        1
   b - Ensorcelled Hibernation        Hexes/Ice                    2
   c - Confuse                        Hexes                        3
   d - Tukima's Dance                 Hexes                        3
   e - Dazzling Spray                 Conjuration/Hexes            3
Comestibles
 b - 7 chunks of flesh
 f - 5 bread rations
 i - 4 fruits
 l - a royal jelly
 u - a meat ration


   Skills:
 - Level 3.2 Fighting
 * Level 4.5 Maces & Flails
 - Level 3.2 Armour
 + Level 4.4 Shields


You had 4 spell levels left.
You didn't know any spells.

Dungeon Overview and Level Annotations

Branches:
Dungeon (3/15)

Altars:


Innate Abilities, Weirdness & Mutations

You are resistant to torment.
Your stone body is resilient. (AC +4)
You are immune to poison.
You resist negative energy. (rN+)
You are resistant to electric shocks. (rElec)
You can survive without breathing.
You are immune to petrification.
You are immune to rotting.


Message History

You miss something.
Something hits you but does no damage. x2
You miss something.
Something hits you but does no damage. x2
You closely miss something.
You hear some strange, mumbled words.
A puff of frost appears from out of thin air!
The puff of frost hits you!
* * * LOW HITPOINT WARNING * * *
Something hits you but does no damage.
You miss something.
Something hits you but does no damage. x2
You feel very mighty all of a sudden. Something hits you but does no damage.
Your plate armour prevents you from hitting something.
You hear some strange, mumbled words.
A puff of frost appears from out of thin air!
The puff of frost hits you!
* * * LOW HITPOINT WARNING * * *
You hear some strange, mumbled words.
A puff of flame appears from out of thin air!
The puff of flame hits you!
You die...

#..... .. ..
#....# .# ..
#....# .##. #....#
#... #....##...?
#.......#.#
#....####.#
.#####....#o{@.#
#........(.#h####
#.#####....l.#
#.....##
#.....#######.#...
#........oooh.....
#.......?.#...##..
#..÷......#.l.....
#........l.....#..
#...<.............
#.................


You could see a hound, an orc and a frilled lizard.

Vanquished Creatures
  An orc priest (D:3)
  An orc wizard (D:3)
  3 adders
  3 worms
  2 dart slugs (D:1)
  4 leopard geckos
  5 orcs (D:3)
  4 bats
  4 giant cockroaches
  3 hobgoblins
  4 jackals (D:2)
  A quokka (D:2)
  4 goblins (D:1)
  3 kobolds
  7 rats
  A plant (D:1)
50 creatures vanquished.

Notes
Turn   | Place    | Note
-------+----------+-------------------------------------------
     0 | D:1      | hilaritas the Gargoyle Fighter began the quest for the Orb.
     0 | D:1      | Reached XP level 1. HP: 14/14 MP: 1/1
   198 | D:1      | Reached XP level 2. HP: 19/19 MP: 2/2
   479 | D:1      | Reached XP level 3. HP: 22/23 MP: 3/3
  1541 | D:2      | Reached XP level 4. HP: 18/28 MP: 4/4
  2097 | D:3      | Reached XP level 5. HP: 11/32 MP: 5/5
  2161 | D:3      | Killed from afar by an orc wizard

Skill      XL: |  1  2  3  4 |
---------------+-------------+-----
Shields        | 4 |  4.4
Maces & Flails | 3 4 |  4.5
Fighting       | |  3.2
Armour         | |  3.2

Action                   |  1- 3 |  4- 6 || total
-------------------------+-------+-------++-------
Melee: Flail             |   162 |   103 ||   265
  Use: Potion            |       |     2 ||     2
  Eat: Chunk             |     2 |     2 ||     4
Armor: Scale mail        |    22 |       ||    22
       Plate armour      |    61 |    92 ||   153
Dodge: Dodged            |    25 |    10 ||    35
Block: Shield            |    77 |    58 ||   135
